% Time on Ice - PORTLAND PIRATES
Lines # - Real PCT - Wanted PCT - Time Play
Normal Forward
1 - 34% - 33% - 17:37
2 - 34% - 33% - 17:40
3 - 21% - 22% - 10:59
4 - 10% - 12% - 5:20
Normal Defense
1 - 33% - 33% - 17:17
2 - 34% - 33% - 17:34
3 - 16% - 17% - 8:13
4 - 17% - 17% - 8:32
PP Forward
1 - 36% - 60% - 0:43
2 - 64% - 40% - 1:16
PP Defense
1 - 64% - 60% - 1:16
2 - 36% - 40% - 0:43
PK Forward
1 - 74% - 60% - 4:23
2 - 26% - 40% - 1:34
PK Defense
1 - 63% - 60% - 3:45
2 - 37% - 40% - 2:12
PK3 Forward
1 - 0% - 55%
2 - 0% - 45%
PK3 Defense
1 - 0% - 55%
2 - 0% - 45%
44 Forward
1 - 0% - 55%
2 - 0% - 45%
44 Defense
1 - 0% - 55%
2 - 0% - 45%
Last Minute Offensive  - 0:00
Last Minute Defensive  - 0:28
Total
Forward - 60:00
Defense - 60:00
% Time on Ice - BANFF WOLVES
Lines # - Real PCT - Wanted PCT - Time Play
Normal Forward
1 - 32% - 35% - 16:27
2 - 32% - 33% - 16:20
3 - 30% - 27% - 15:32
4 - 6% - 5% - 3:17
Normal Defense
1 - 35% - 40% - 18:13
2 - 33% - 36% - 17:05
3 - 30% - 20% - 15:29
4 - 2% - 4% - 0:49
PP Forward
1 - 46% - 50% - 2:43
2 - 54% - 50% - 3:14
PP Defense
1 - 50% - 50% - 2:57
2 - 50% - 50% - 3:00
PK Forward
1 - 45% - 50% - 0:53
2 - 55% - 50% - 1:06
PK Defense
1 - 55% - 50% - 1:05
2 - 45% - 50% - 0:54
PK3 Forward
1 - 0% - 50%
2 - 0% - 50%
PK3 Defense
1 - 0% - 50%
2 - 0% - 50%
44 Forward
1 - 0% - 50%
2 - 0% - 50%
44 Defense
1 - 0% - 50%
2 - 0% - 50%
Last Minute Offensive  - 0:28
Last Minute Defensive  - 0:00
Total
Forward - 60:00
Defense - 60:00
Play-by-Play 1st period 0:01 of 1st period - Elias Lindholm wins face-off versus Travis Konecny in neutral zone. 0:24 of 1st period - Shot by Mika Zibanejad. 0:24 of 1st period - Shot Blocked by Elias Lindholm. 0:26 of 1st period - Shot by Mika Zibanejad. 0:26 of 1st period - Shot Misses the Net. 0:28 of 1st period - Shot by Brett Pesce. 0:28 of 1st period - Goal by Brett Pesce - PORTLAND PIRATES : 1 - BANFF WOLVES : 0. 0:29 of 1st period - Joel Eriksson Ek wins face-off versus Robert Thomas in neutral zone. 0:34 of 1st period - Brian Dumoulin is hit by Joel Eriksson Ek and loses puck. 1:11 of 1st period - Shot by Joel Eriksson Ek. 1:11 of 1st period - Stopped by Martin Jones without a rebound. 1:12 of 1st period - Jordan Staal wins face-off versus Sam Steel in PORTLAND PIRATES zone. 1:48 of 1st period - William Carrier is hit by Ian Cole and loses puck. 2:09 of 1st period - Shot by Elias Lindholm. 2:09 of 1st period - Shot Misses the Net. 2:37 of 1st period - Shot by Elias Lindholm. 2:37 of 1st period - Deflect By Tyler Toffoli. 2:37 of 1st period - Shot Misses the Net. 2:49 of 1st period - Shot by Roope Hintz. 2:49 of 1st period - Shot Misses the Net. 2:51 of 1st period - Shot by Tyler Toffoli. 2:51 of 1st period - Shot Misses the Net. 3:06 of 1st period - Icing by Marc Staal. 3:07 of 1st period - William Carrier wins face-off versus Eric Staal in PORTLAND PIRATES zone. 3:34 of 1st period - Icing by Brett Pesce. 3:35 of 1st period - Jordan Staal wins face-off versus Mika Zibanejad in PORTLAND PIRATES zone. 4:21 of 1st period - Shot by Jason Dickinson. 4:21 of 1st period - Shot Misses the Net. 4:32 of 1st period - Off-side. 4:33 of 1st period - Joel Eriksson Ek wins face-off versus Robert Thomas in neutral zone. 4:50 of 1st period - Shot by Joel Eriksson Ek. 4:50 of 1st period - Stopped by Martin Jones without a rebound. 4:51 of 1st period - Robert Thomas wins face-off versus Elias Lindholm in PORTLAND PIRATES zone. 4:51 of 1st period - Robert Thomas is hit by Roope Hintz. 5:06 of 1st period - Shot by Elias Lindholm. 5:06 of 1st period - Shot Misses the Net. 5:08 of 1st period - Shot by Roope Hintz. 5:08 of 1st period - Stopped by Martin Jones with a rebound. 5:10 of 1st period - Shot by Elias Lindholm. 5:10 of 1st period - Shot Misses the Net. 5:12 of 1st period - Shot by Justin Faulk. 5:12 of 1st period - Stopped by Martin Jones without a rebound. 5:13 of 1st period - Joel Eriksson Ek wins face-off versus Mika Zibanejad in PORTLAND PIRATES zone. 5:20 of 1st period - Shot by Joel Eriksson Ek. 5:20 of 1st period - Shot Misses the Net. 5:26 of 1st period - Shot by Travis Konecny. 5:26 of 1st period - Shot Misses the Net. 5:28 of 1st period - Shot by Chandler Stephenson. 5:28 of 1st period - Shot Misses the Net. 5:30 of 1st period - Shot by Travis Konecny. 5:30 of 1st period - Stopped by Jordan Binnington without a rebound. 5:31 of 1st period - Elias Lindholm wins face-off versus Robert Thomas in BANFF WOLVES zone. 6:36 of 1st period - Alec Martinez is hit by Elias Lindholm and loses puck. 6:55 of 1st period - Icing by Alec Martinez. 6:56 of 1st period - Mika Zibanejad wins face-off versus Jordan Staal in PORTLAND PIRATES zone. 7:06 of 1st period - Travis Konecny is hit by Ian Cole and loses puck. 7:18 of 1st period - Mika Zibanejad is hit by Ian Cole and loses puck. 7:24 of 1st period - Minor Penalty to Ian Cole for Tripping. 7:25 of 1st period - Jordan Staal wins face-off versus Chandler Stephenson in BANFF WOLVES zone. 8:15 of 1st period - Icing by Travis Konecny. 8:16 of 1st period - Jordan Staal wins face-off versus Mika Zibanejad in PORTLAND PIRATES zone. 8:39 of 1st period - Shot by Mika Zibanejad. 8:39 of 1st period - Shot Misses the Net. 8:41 of 1st period - Shot by Robert Thomas. 8:41 of 1st period - Stopped by Jordan Binnington without a rebound. 8:42 of 1st period - Chandler Stephenson wins face-off versus Joel Eriksson Ek in BANFF WOLVES zone. 10:10 of 1st period - Shot by Roope Hintz. 10:10 of 1st period - Shot Misses the Net. 10:12 of 1st period - Shot by Miro Heiskanen. 10:12 of 1st period - Stopped by Martin Jones without a rebound. 10:13 of 1st period - Mika Zibanejad wins face-off versus Joel Eriksson Ek in PORTLAND PIRATES zone. 10:28 of 1st period - Shot by Mats Zuccarello. 10:28 of 1st period - Deflect By John Tavares. 10:28 of 1st period - Goal by John Tavares - PORTLAND PIRATES : 1 - BANFF WOLVES : 1. 10:29 of 1st period - Robert Thomas wins face-off versus Jordan Staal in neutral zone. 11:49 of 1st period - Shot by Mika Zibanejad. 11:49 of 1st period - Shot Misses the Net. 11:51 of 1st period - Shot by Mika Zibanejad. 11:51 of 1st period - Stopped by Jordan Binnington with a rebound. 12:03 of 1st period - Shot by Chandler Stephenson. 12:03 of 1st period - Stopped by Jordan Binnington without a rebound. 12:04 of 1st period - Michael McLeod wins face-off versus Elias Lindholm in BANFF WOLVES zone. 12:08 of 1st period - Icing by Nick Leddy. 12:09 of 1st period - Elias Lindholm wins face-off versus Michael McLeod in BANFF WOLVES zone. 12:09 of 1st period - Elias Lindholm is hit by William Carrier. 12:25 of 1st period - Shot by Elias Lindholm. 12:25 of 1st period - Stopped by Martin Jones without a rebound. 12:26 of 1st period - Jordan Staal wins face-off versus Mika Zibanejad in PORTLAND PIRATES zone. 12:47 of 1st period - Shot by Mika Zibanejad. 12:47 of 1st period - Stopped by Jordan Binnington without a rebound. 12:48 of 1st period - Joel Eriksson Ek wins face-off versus Robert Thomas in BANFF WOLVES zone. 13:00 of 1st period - Shot by Justin Faulk. 13:00 of 1st period - Shot Blocked by Alec Martinez. 13:02 of 1st period - Shot by Miro Heiskanen. 13:02 of 1st period - Shot Misses the Net. 13:04 of 1st period - Shot by Joel Eriksson Ek. 13:04 of 1st period - Shot Blocked by Pavel Zacha. 13:18 of 1st period - Shot by Robert Thomas. 13:18 of 1st period - Shot Misses the Net. 15:46 of 1st period - Shot by Sam Steel. 15:46 of 1st period - Shot Blocked by Nick Leddy. 15:48 of 1st period - Shot by Brett Pesce. 15:48 of 1st period - Shot Blocked by Nick Leddy. 15:56 of 1st period - Shot by Thomas Chabot. 15:56 of 1st period - Shot Misses the Net. 16:17 of 1st period - Off-side. 16:18 of 1st period - Joel Eriksson Ek wins face-off versus Mika Zibanejad in neutral zone. 16:26 of 1st period - Icing by Travis Hamonic. 16:27 of 1st period - Joel Eriksson Ek wins face-off versus Mika Zibanejad in PORTLAND PIRATES zone. 16:27 of 1st period - Quinton Hughes is hit by Travis Hamonic and loses puck. 16:31 of 1st period - Icing by Brian Dumoulin. 16:32 of 1st period - Mika Zibanejad wins face-off versus Joel Eriksson Ek in PORTLAND PIRATES zone. 16:44 of 1st period - Icing by Brian Dumoulin. 16:45 of 1st period - Elias Lindholm wins face-off versus Mika Zibanejad in PORTLAND PIRATES zone. 16:57 of 1st period - Mika Zibanejad is hit by Justin Faulk and loses puck. 17:54 of 1st period - Off-side. 17:55 of 1st period - Jordan Staal wins face-off versus Michael Amadio in neutral zone. 17:55 of 1st period - Timo Meier is hit by William Carrier and loses puck. 18:25 of 1st period - Shot by Thomas Chabot. 18:25 of 1st period - Shot Blocked by Ian Cole. 18:42 of 1st period - Minor Penalty to William Carrier for Roughing. 18:43 of 1st period - Elias Lindholm wins face-off versus Michael McLeod in PORTLAND PIRATES zone. 18:54 of 1st period - Shot by Roope Hintz. 18:54 of 1st period - Shot Misses the Net. 19:21 of 1st period - Shot by Elias Lindholm. 19:21 of 1st period - Shot Blocked by Marc Staal. 19:56 of 1st period - Icing by Cam Fowler. 19:57 of 1st period - Chandler Stephenson wins face-off versus Joel Eriksson Ek in BANFF WOLVES zone. Goals for this period are 1 for PORTLAND PIRATES vs 1 for BANFF WOLVES. Shots for this period are 6 for PORTLAND PIRATES vs 7 for BANFF WOLVES. 2nd period 0:01 of 2nd period - Michael McLeod wins face-off versus Joel Eriksson Ek in neutral zone. 0:24 of 2nd period - Mats Zuccarello is hit by Brett Pesce and loses puck. 0:41 of 2nd period - Shot by Mats Zuccarello. 0:41 of 2nd period - Stopped by Martin Jones without a rebound. 0:42 of 2nd period - Eric Staal wins face-off versus Mika Zibanejad in PORTLAND PIRATES zone. 1:07 of 2nd period - Shot by Travis Konecny. 1:07 of 2nd period - Shot Misses the Net. 1:51 of 2nd period - Shot by Tyler Toffoli. 1:51 of 2nd period - Shot Misses the Net. 1:53 of 2nd period - Shot by Tyler Toffoli. 1:53 of 2nd period - Shot Blocked by Alec Martinez. 1:55 of 2nd period - Shot by Roope Hintz. 1:55 of 2nd period - Deflect By Tyler Toffoli. 1:55 of 2nd period - Stopped by Martin Jones without a rebound. 1:56 of 2nd period - Michael McLeod wins face-off versus Elias Lindholm in PORTLAND PIRATES zone. 2:01 of 2nd period - Elias Lindholm is hit by Nathan Bastian and loses puck. 2:14 of 2nd period - Shot by Thomas Chabot. 2:14 of 2nd period - Shot Misses the Net. 2:16 of 2nd period - Shot by Brett Pesce. 2:16 of 2nd period - Stopped by Jordan Binnington without a rebound. 2:17 of 2nd period - Jordan Staal wins face-off versus Robert Thomas in BANFF WOLVES zone. 2:17 of 2nd period - Jordan Staal is hit by Pavel Zacha. 2:40 of 2nd period - Minor Penalty to Alec Martinez for Hooking. 2:41 of 2nd period - Michael McLeod wins face-off versus Joel Erikss